 Dungeon Crawl Stone Soup version 0.29.1-13-g9f3cf754e1 (webtiles) character file.

Game seed: 8983201949389556021

86 Exodus22XD the Covered (level 4, 41/41 HPs)
             Began as a Minotaur Fighter on Feb 3, 2023.
             Was a Follower of Fedhas.
             Quit the game on level 3 of the Dungeon.
             The game lasted 00:01:17 (1651 turns).

Exodus22XD the Covered (Minotaur Fighter)           Turns: 1651, Time: 00:01:18

Health: 41/41      AC:  7    Str: 23    XL:     4   Next: 27%
Magic:  3/3        EV:  9    Int:  5    God:    Fedhas [*.....]
Gold:   55         SH:  4    Dex:  9    Spells: 3/3 levels left

rFire   . . .      SeeInvis .   a - +0 war axe
rCold   . . .      Faith    .   c - +0 buckler
rNeg    . . .      Spirit   .   b - +0 scale mail
rPois   .          Reflect  .   (helmet restricted)
rElec   .          Harm     .   (no cloak)
rCorr   .          Rampage  .   (no gloves)
Will    .....                   (no boots)
Stlth   ..........              (no amulet)
HPRegen 0.13/turn               (no ring)
MPRegen 0.08/turn               (no ring)

@: no status effects
A: horns 2, retaliatory headbutt
a: Renounce Religion


You were on level 3 of the Dungeon.
You worshipped Fedhas.
Fedhas was aware of your devotion.
You visited 1 branch of the dungeon, and saw 3 of its levels.

You collected 55 gold pieces.

Inventory:

Hand Weapons
 a - a +0 war axe (weapon)
Armour
 b - a +0 scale mail (worn)
 c - a +0 buckler (worn)
Scrolls
 f - a scroll of identify {unknown}
 i - 2 scrolls of blinking {unknown}
 j - a scroll of enchant armour {unknown}
 l - 3 scrolls of amnesia {unknown}
 m - a scroll of teleportation {unknown}
 o - a scroll of poison {unknown}
 p - a scroll of magic mapping {unknown}
 q - a scroll of brand weapon {unknown}
Potions
 d - a potion of might
 e - a potion of ambrosia {unknown}
 g - 3 potions of lignification {unknown}
 h - a potion of attraction {unknown}
 k - a potion of resistance {unknown}
 n - a potion of magic {unknown}
 r - a potion of brilliance {unknown}


   Skills:
 + Level 4.3 Fighting
 + Level 3.5 Axes
 + Level 4.5 Armour
 + Level 4.2 Shields


You had 3 spell levels left.
You didn't know any spells.
Your spell library was empty.

Dungeon Overview and Level Annotations

Branches:
Dungeon (3/15)

Altars:
Fedhas


Innate Abilities, Weirdness & Mutations

You have a pair of horns on your head.
You reflexively headbutt those who attack you in melee.


Message History

An endoplasm comes into view.
An endoplasm is nearby!
The endoplasm closely misses you.
An endoplasm is nearby!
An endoplasm is nearby!
You slash the endoplasm!
You kill the endoplasm!
r - a metallic pink potion No target in view!
Key pressed, stopping explore.
No target in view!
Key pressed, stopping explore.
No target in view!
You open the door.
Found a faded altar of an unknown god.
There is an open door here.
No target in view!
There is an open door here.
Found a cloak.
No target in view!
No target in view!
No target in view!
Key pressed, stopping explore.
No target in view!
No target in view!
There is an open door here.
There is a faded altar of an unknown god here.
You cannot tell which god this altar belongs to.
Convert to them anyway?
Fedhas accepts your prayer! Fedhas welcomes you!
The plants of the dungeon cease their hostilities.
Are you sure you want to abandon this character and quit the game? (Confirm with "yes".)
Okay, then.
Unknown command.
Press < or > to pray at altars.
You walk carefully through the plants.
Press: ? - help, v - describe, . - travel
Here: a withered plant (peaceful)
The floor.
Are you sure you want to abandon this character and quit the game? (Confirm with "yes".)

[...............#
.........####.#.#
................##
######....###.#..##
......#.# #.##..#
###############.#
#PP..## ##....#.#
#PPP.P###.....#.#
+PP@PPP_......'.#
#P.P.P###P....###
#.PP.## ##....#
###### ######


There were no monsters in sight!

Vanquished Creatures
  Jessica (D:2)
  2 adders (D:2)
  5 bats
  5 endoplasms
  2 goblins
  5 hobgoblins
  3 jackals (D:1)
  7 kobolds
  3 ball pythons
  2 frilled lizards
  7 rats
42 creatures vanquished.

Notes
Turn   | Place    | Note
-------+----------+-------------------------------------------
     0 | D:1      | Exodus22XD the Minotaur Fighter began the quest for the
                  | Orb.
     0 | D:1      | Reached XP level 1. HP: 19/19 MP: 0/0
   140 | D:1      | Reached XP level 2. HP: 25/27 MP: 1/1
   892 | D:2      | Reached XP level 3. HP: 33/33 MP: 2/2
  1190 | D:2      | Noticed Jessica
  1196 | D:2      | Killed Jessica
  1197 | D:2      | Reached XP level 4. HP: 29/41 MP: 3/3
  1602 | D:3      | Found a faded altar of an unknown god.
  1642 | D:3      | Prayed at the altar of an unknown god.
  1642 | D:3      | Became a worshipper of Fedhas Madash
  1642 | D:3      | Reached * piety under Fedhas
  1651 | D:3      | Quit the game

Illustrated notes

Levels and vault maps discovered:
D:1:      tarquinn_simple_flora_water_f, layout_rooms
D:2:      layout_loops_cross, uniq_jessica
D:3:      layout_basic, shapermc_ecumenical_altar_flowoftime, serial_shops,
          shop, small_statue_intersection, minivault_25

Skill      XL: |  1  2  3 |
---------------+----------+-----
Fighting       | 4 |  4.3
Armour         | 4 |  4.5
Shields        | 4 |  4.2
Axes           | 3 |  3.5

Action                   |  1- 3 |  4- 6 || total
-------------------------+-------+-------++-------
Melee: War axe           |    64 |    11 ||    75
       Headbutt          |     5 |     1 ||     6
Armor: Scale mail        |    34 |     4 ||    38
Dodge: Dodged            |    31 |     6 ||    37
Block: Buckler           |    14 |       ||    14
